 Dungeon Crawl Stone Soup version 0.27-a0-1529-g1e82c303ef (webtiles) character file.

Game seed: 10889962872864542088

1484 ktje the Cudgeller (level 8, -1/75 HPs)
             Began as a Troll Hunter on July 12, 2021.
             Was a Believer of Okawaru.
             Slain by an orc warrior (13 damage)
             ... on level 6 of the Dungeon.
             The game lasted 00:29:05 (5408 turns).

ktje the Cudgeller (Troll Hunter)                   Turns: 5408, Time: 00:29:06

Health: -1/75      AC:  8    Str: 23    XL:     8   Next: 50%
Magic:  5/7        EV: 12    Int:  7    God:    Okawaru [**....]
Gold:   262        SH:  0    Dex: 10    Spells: 5/7 levels left

rFire    . . .     SeeInvis .   t - +2 whip (elec)
rCold    . . .     Faith    .   (no shield)
rNeg     . . .     Spirit   .   b - +0 robe
rPois    .         Reflect  .   (helmet restricted)
rElec    .         Harm     .   s - scarf {+Inv}
rCorr    .         Rampage  .   (gloves unavailable)
Will     +....                  (boots unavailable)
Stlth    +++.......             (no amulet)
HPRegen  1.22/turn              h - ring of willpower
MPRegen  0.10/turn              u - +4 ring of protection

@: about to teleport, heroic
A: large, unfitting armour, claws 3, regeneration 1, shaggy fur 1, tough skin 1
a: Renounce Religion, Evoke Invisibility, Heroism


You were on level 6 of the Dungeon.
You worshipped Okawaru.
Okawaru was pleased with you.
You visited 2 branches of the dungeon, and saw 7 of its levels.

You collected 262 gold pieces.

Inventory:

Hand Weapons
 a - a +1 short sword
 i - a +1 dagger of electrocution
 m - a +0 hunting sling
 o - a +0 dagger
 t - a +2 whip of electrocution (weapon)
 B - a +1 short sword of protection
Missiles
 c - 2 large rocks (quivered)
 d - 2 throwing nets
 j - 7 datura-tipped darts
 k - 48 arrows
 w - 32 bolts
 x - 116 stones
Armour
 b - a +0 robe (worn)
 l - a +0 cloak
 s - a scarf of invisibility (worn)
Jewellery
 e - a ring of magical power
 h - a ring of willpower (left claw)
 u - a +4 ring of protection (right claw)
 z - a ring of positive energy
 D - a ring of resist corrosion
Wands
 C - a wand of mindburst (11)
Scrolls
 n - a scroll of enchant armour {unknown}
 q - a scroll of teleportation
 v - a scroll of noise {unknown}
 y - a scroll of fog {unknown}
Potions
 f - 4 potions of curing
 g - a potion of flight
 p - a potion of might {unknown}
 r - a potion of attraction {unknown}
 A - a potion of brilliance {unknown}
 E - a potion of haste {unknown}


   Skills:
 + Level 3.5(8.5) Fighting
 + Level 2.3(7.3) Short Blades
 + Level 5.2(10.2) Maces & Flails
 + Level 4.5(9.5) Throwing
 + Level 4.4(9.4) Dodging
 + Level 2.2(7.2) Stealth
 + Level 0.7 Evocations


You had 5 spell levels left.
You knew the following spells:

 Your Spells              Type           Power      Damage    Failure   Level
a - Corpse Rot            Necr/Air       N/A        N/A       56%         2

Your spell library contained the following spells:

 Spells                   Type           Power      Damage    Failure   Level
 Ozocubu's Armour         Ice            0%         N/A       80%         3
 Dispel Undead            Necr           0%         3d6       99%         4
 Summon Lightning Spire   Summ/Air       0%         N/A       99%         4
 Death Channel            Necr           0%         N/A       100%        6
 Ozocubu's Refrigeration  Ice            0%         4d5       100%        7
 Storm Form               Tmut/Air       0%         N/A       100%        7
 Maxwell's Capacitive Co  Air            0%         ∞         100%        8


Dungeon Overview and Level Annotations

Branches:
Dungeon (6/15)             Temple (1/1) D:5

Altars:
Cheibriados
Dithmenos
Elyvilon
Fedhas
Hepliaklqana
Kikubaaqudgha
Makhleb
Okawaru
Qazlal
Ru
Sif Muna
Trog
Uskayaw
Vehumet
Wu Jian
Yredelemnul
Zin

Shops:
D:2 (

Annotations:
D:3 3 runed translucent doors, Pooter's ghost, amateur MiBe
D:4 Duvessa
D:5 Menkaure


Innate Abilities, Weirdness & Mutations

You are too large for most types of armour.
You have claws for hands.
Your natural rate of healing is unusually fast.
You are covered in fur. (AC +1)
You have tough skin. (AC +1)


Message History

The bullfrog zombie is moderately damaged.
The bullfrog zombie barely misses you.
You closely miss the bullfrog zombie.
The bullfrog zombie is moderately damaged.
The orc warrior barely misses you.
The bullfrog zombie hits you but does no damage.
You hit the bullfrog zombie.
The bullfrog zombie is heavily damaged.
The orc warrior completely misses you.
You hit something. Lightning courses through something!
Okawaru accepts your kill.
Reactivating autopickup.
You feel a bit more experienced. The orc warrior closely misses you.
You hit the bullfrog zombie.
Lightning courses through the bullfrog zombie!
The bullfrog zombie is severely damaged.
The bullfrog zombie completely misses you.
The orc warrior hits you from afar with a +0 halberd!
You barely miss the bullfrog zombie.
The bullfrog zombie is severely damaged.
The bullfrog zombie hits you but does no damage.
You whack the bullfrog zombie!
Lightning courses through the bullfrog zombie!
You destroy the bullfrog zombie!
Okawaru accepts your kill.
The orc warrior hits you from afar with a +0 halberd!
You barely miss the orc. The orc hits you with a +0 short sword.
The orc warrior hits you from afar with a +0 halberd!
You gain the combat prowess of a mighty hero.
The orc warrior hits you from afar with a +0 halberd!!
The orc closely misses you.
You hit the orc. Lightning courses through the orc!!
You kill the orc!
Okawaru accepts your kill.
The orc warrior hits you from afar with a +0 halberd!!
* * * LOW HITPOINT WARNING * * *
As you read the scroll of teleportation, it crumbles to dust.
You feel strangely unstable. The orc misses you.
The orc warrior hits you from afar with a +0 halberd!
You die...

......## .......# .......#
.......# .......#
.......## ........#######
. ..............###### ..(
...........##...@oo##..(..
...........#######O..(....
...........# #........
...........# .........
......##..## ..........
.....###..######..........
###### #.......#######..#.
# #..##......### ....
########...#.####...## ...


You could see an orc warrior, an ogre and an orc.

Vanquished Creatures
  2 water moccasins
  A black bear (D:5)
  A necrophage (D:6)
  2 ogres
  A phantom (D:5)
  2 scorpions
  A water moccasin skeleton (D:6)
  A howler monkey (D:4)
  5 bullfrog zombies
  A centaur zombie (D:5)
  4 hounds
  A bullfrog skeleton (D:6)
  2 iguanas
  An orc wizard (D:6)
  A killer bee zombie (D:4)
  A howler monkey skeleton (D:6)
  A gnoll (D:1)
  6 adders
  A shadow imp (D:6)
  A white imp (D:6)
  2 worms (D:2)
  5 dart slugs
  10 orcs
  5 ball pythons
  An endoplasm (D:3)
  5 giant cockroaches
  4 goblins
  8 hobgoblins
  9 jackals
  4 quokkas
  2 bats
  4 frilled lizards
  9 kobolds
  A quokka skeleton (D:4)
  12 rats
117 creatures vanquished.

Vanquished Creatures (others)
  5 toadstools (D:3)
  2 withered plants (D:3)
7 creatures vanquished.

Grand Total: 124 creatures vanquished

Notes
Turn   | Place    | Note
-------+----------+-------------------------------------------
     0 | D:1      | ktje the Troll Hunter began the quest for the Orb.
     0 | D:1      | Reached XP level 1. HP: 19/19 MP: 0/0
   337 | D:1      | Reached XP level 2. HP: 28/28 MP: 1/1
   810 | D:1      | Reached XP level 3. HP: 32/35 MP: 2/2
  1240 | D:2      | Found Vasu's Weapon Emporium.
  1906 | D:3      | Noticed an ogre
  1976 | D:2      | Reached XP level 4. HP: 42/42 MP: 3/3
  2171 | D:3      | Learned a level 2 spell: Corpse Rot
  2194 | D:3      | Killed an ogre
  2195 | D:3      | Reached skill level 1 in Short Blades
  2195 | D:3      | Reached skill level 1 in Stealth
  2195 | D:3      | Reached XP level 5. HP: 49/49 MP: 4/4
  2297 | D:3      | Found an ancient bone altar of Kikubaaqudgha.
  2624 | D:3      | Found a glowing silver altar of Zin.
  2656 | D:3      | Found a basalt altar of Yredelemnul.
  2813 | D:3      | Found a runed translucent gate.
  2813 | D:3      | Found a runed translucent gate.
  2813 | D:3      | Found a runed translucent gate.
  2814 | D:3      | Noticed Pooter's ghost (amateur MiBe)
  2883 | D:4      | Found a white marble altar of Elyvilon.
  2883 | D:4      | Found a shimmering blue altar of Sif Muna.
  2884 | D:4      | Found an iron altar of Okawaru.
  2885 | D:4      | Noticed a water moccasin
  3228 | D:4      | Killed a water moccasin
  3229 | D:4      | Reached skill level 1 in Maces & Flails
  3229 | D:4      | Reached XP level 6. HP: 55/59 MP: 3/5
  3406 | D:4      | Noticed Duvessa
  3477 | D:4      | Became a worshipper of Warmaster Okawaru
  3866 | D:5      | Entered Level 5 of the Dungeon
  3880 | D:5      | Reached skill level 2 in Maces & Flails
  3922 | D:5      | Reached XP level 7. HP: 62/63 MP: 6/6
  3995 | D:5      | Found a snail-covered altar of Cheibriados.
  3997 | D:5      | Noticed Menkaure
  4144 | D:5      | Reached skill level 3 in Maces & Flails
  4155 | D:5      | Reached * piety under Okawaru
  4665 | D:5      | Noticed a shadow
  4677 | D:5      | Found a staircase to the Ecumenical Temple.
  4686 | Temple   | Entered the Ecumenical Temple
  5172 | D:6      | Reached skill level 4 in Maces & Flails
  5172 | D:6      | Reached XP level 8. HP: 50/75 MP: 7/7
  5216 | D:6      | Reached ** piety under Okawaru
  5314 | D:6      | Reached skill level 5 in Maces & Flails
  5408 | D:6      | Slain by an orc warrior

Illustrated notes

Levels and vault maps discovered:
D:1:      dpeg_arrival_ratfight, layout_rooms, serial_curves, eino_curves_01,
          eino_curves_02, serial_bayou_ford_a
D:2:      layout_basic, serial_co_window_serial, co_window_paths_a,
          co_window_corner_a, co_window_corner_a, co_window_corner_a,
          co_window_paths_b, co_window_paths_a, co_window_paths_a,
          co_window_corner_a, co_window_corner_a, co_window_2corner,
          co_window_cross_2, co_window_2corner, co_window_of_opportunity_c,
          co_window_paths_c, co_window_broadway_b, serial_shops, shop,
          serial_bayou_crossing
D:3:      layout_basic, mainiacjoe_overflow_two_lobes,
          kiku_gazebo_garden_becter, gammafunk_ghost_nasty_kobolds,
          minmay_gold_behind_fungi
D:4:      layout_basic, grunt_temple_overflow_opulence,
          grunt_temple_overflow_open, nicolae_elemental_shop,
          minmay_strange_pillars, uniq_duvessa
D:5:      layout_layer_cave, slow_altar_1, minmay_temple_entry_waves,
          grunt_ministairs_7, kennysheep_generic_room_9, uniq_menkaure
D:6:      minmay_evil_eye, layout_rooms, kennysheep_small_circle
Temple:   jpeg_temple_alley_garden

Skill      XL: |  1  2  3  4  5  6  7  8 |
---------------+-------------------------+-----
Throwing       | 4 |  4.5
Dodging        | 2 3 4 |  4.4
Fighting       | 2 3 |  3.5
Short Blades   | 1 2 |  2.3
Stealth        | 1 2 |  2.2
Maces & Flails | 1 2 4 5 |  5.2
Evocations     | |  0.7

Action                   |  1- 3 |  4- 6 |  7- 9 || total
-------------------------+-------+-------+-------++-------
Melee: Short sword       |    31 |       |       ||    31
       Dagger            |   114 |    24 |       ||   138
       Whip              |       |   103 |   138 ||   241
Throw: Large rock        |       |       |    16 ||    16
Invok: Heroism           |       |       |     1 ||     1
 Abil: Evoke Invisibilit |       |     1 |       ||     1
  Use: Scroll            |     3 |     2 |     2 ||     7
 Stab: Sleeping          |     4 |     1 |     1 ||     6
       Invisible         |       |     1 |       ||     1
Armor: Robe              |    52 |    51 |    52 ||   155
Dodge: Dodged            |    74 |    78 |    60 ||   212

Table legend: (Time is in decaauts)
 A = Elapsed time spent in this place.
 B = Non-inter-level travel time spent in this place.
 C = Inter-level travel time spent in this place.
 D = Time resting spent in this place.
 E = Time spent auto-exploring this place.
 F = Levels seen in this place.
 G = Mean time per level.
                   A        B        C        D        E       F      G
               +--------+--------+--------+--------+--------+-----+--------+
         Total |   5435 |   5015 |    420 |    569 |   3208 |   7 |  776.4 |
       Dungeon |   5201 |   4836 |    365 |    569 |   3031 |   6 |  866.8 |
        Temple |    233 |    178 |     55 |      0 |    177 |   1 |  233.0 |
               +--------+--------+--------+--------+--------+-----+--------+

Top non-repeatable levels by time:
     D:2: 1193 daAuts
     D:4: 1108 daAuts
     D:1: 905 daAuts
     D:3: 839 daAuts
     D:5: 811 daAuts
     D:6: 342 daAuts
  Temple: 233 daAuts
